 Dungeon Crawl Stone Soup version 0.17-a0-2215-g49c1de0 (webtiles) character file.

3759 youngkai the Cleaver (level 9, 0/83 HPs)
             Began as a Minotaur Berserker on Oct 27, 2015.
             Was a Priest of Trog.
             Killed from afar by an electric eel (4 damage)
             ... with a bolt of electricity
             ... on level 8 of the Dungeon.
             The game lasted 00:23:58 (5645 turns).

youngkai the Cleaver (Minotaur Berserker)           Turns: 5645, Time: 00:23:58

Health: 0/83       AC: 14    Str: 30    XL:     9   Next: 94%
Magic:  8/8        EV:  9    Int:  5    God:    Trog [***...]
Gold:   348        SH:  0    Dex:  9    Spells: 0 memorised, 8 levels left

rFire  . . .     SeeInvis .     Q - +2 battleaxe
rCold  . . .     Clarity  .     T - +0 chain mail {MR+}
rNeg   . . .     SustAt   .     (no shield)
rPois  +         Gourm    .     (helmet restricted)
rElec  .         Spirit   .     (no cloak)
rCorr  .         Warding  .     F - +0 pair of gloves
rMut   .         Stasis   .     O - +0 pair of boots
MR     ++...                    (no amulet)
Stlth  ..........               J - ring of poison resistance
                                m - ring of protection from magic

@: mighty, very resistant to hostile enchantments, extremely unstealthy
A: retaliatory headbutt, horns 2
a: Berserk, Trog's Hand, Burn Spellbooks, Renounce Religion


You were on level 8 of the Dungeon.
You worshipped Trog.
Trog was most pleased with you.
You were not hungry.

You visited 1 branch of the dungeon, and saw 8 of its levels.
You also visited: Ossuary.

You collected 595 gold pieces.
You spent 247 gold pieces at shops.

Inventory:

Hand Weapons
 a - a +0 hand axe
 h - a +2 war axe of electrocution
 Q - a +2 battleaxe (weapon)
Armour
 b - a +0 animal skin
 d - a +0 scale mail
 F - a +0 pair of gloves (worn)
 G - a +0 chain mail
 O - a +0 pair of boots (worn)
 T - a +0 chain mail of magic resistance (worn)
Jewellery
 m - a ring of protection from magic (left hand)
 s - an uncursed ring of see invisible
 J - a ring of poison resistance (right hand)
Wands
 B - a wand of draining (10)
 D - a wand of slowing (19)
 I - a wand of fireball (14)
 M - a wand of disintegration (7)
 N - a wand of polymorph (18)
 P - a wand of lightning (2)
 R - a wand of digging (15)
Scrolls
 e - 8 scrolls of remove curse
 f - 3 scrolls of fear
 i - a scroll of blinking {unknown}
 n - a scroll of random uselessness {unknown}
 t - a scroll of teleportation {unknown}
 u - 3 scrolls of fog {unknown}
 y - a scroll of magic mapping {unknown}
 H - 2 scrolls of enchant armour {unknown}
 K - a scroll of enchant weapon {unknown}
 L - a scroll of vulnerability {unknown}
Potions
 g - 2 potions of curing
 k - 2 potions of resistance
 p - 5 potions of magic
 q - a potion of lignification
 v - 2 potions of cancellation
 z - 2 potions of poison
 A - a potion of haste
 C - 2 potions of cure mutation
 E - a potion of brilliance
Books
 x - a book of Clouds

   Spells                             Type                      Level
   a - Mephitic Cloud                 Conjuration/Poison/Air       3
   b - Conjure Flame                  Conjuration/Fire             3
   c - Poisonous Cloud                Conjuration/Poison/Air       6
   d - Freezing Cloud                 Conjuration/Ice/Air          6
   e - Ring of Flames                 Charms/Fire                  7
   Trog disapproves of the use of such an item.
Comestibles
 c - 2 bread rations
 j - 2 beef jerkies
 l - 10 fruits
 o - 4 meat rations
 w - a slice of pizza
 S - a chunk of flesh


   Skills:
 + Level 9.3 Fighting
 * Level 12.3 Axes
 + Level 9.0 Armour
 - Level 2.1 Dodging


You had 8 spell levels left.
You didn't know any spells.

Dungeon Overview and Level Annotations

Branches:
Dungeon (8/15)             Temple (0/1) D:5
   Lair: D:8-11

Altars:
Makhleb
Nemelex Xobeh
Okawaru
Sif Muna
Xom

Shops:
D:6 !


Innate Abilities, Weirdness & Mutations

You reflexively headbutt those who attack you in melee.
You have a pair of horns on your head.


Message History

The electric eel shoots out a bolt of lightning at you!
The bolt of electricity hits you!
* * * LOW HITPOINT WARNING * * *
Drink which item? (? for menu, Esc to quit)
You feel better.
You are too injured to fight recklessly!
The electric eel shoots out a bolt of lightning at you!
The bolt of electricity hits you!
* * * LOW HITPOINT WARNING * * *
The bolt of electricity hits you!
* * * LOW HITPOINT WARNING * * *
The bolt of electricity hits the electric eel.
The electric eel completely resists.
Drink which item? (? for menu, Esc to quit)
You feel better.
The electric eel shoots out a bolt of lightning at you!
The bolt of electricity hits you!
* * * LOW HITPOINT WARNING * * *
The bolt of electricity hits you!
You die...

#.≈# .≈ ##.≈# ≈.≈
#..≈###≈.≈ #..≈≈≈≈≈.≈
#....... #..≈≈≈
....########..;#
..........##.@≈# ...
#......≈#
##.###.####..##..≈≈≈≈≈.≈
..........#..##.........
.#.# #..#.#..##..≈≈≈≈≈.≈
.#.# #.......##..≈###≈.≈
...###...#.......≈# ≈.≈
.#...........##..≈# .≈
...####.#.#..##..≈≈


You could see an electric eel.

Vanquished Creatures
  The ghost of teron the Shield-Bearer, a novice FoFi of Okawaru (D:6)
  The ghost of 4thArraOfDagon the Cleaver, a novice HOGl of Qazlal (D:7)
  Sigmund (D:2)
  2 orc warriors
  A phantom (D:4)
  A sky beast (D:8)
  An ogre (D:7)
  The ghost of septik the Cudgeler, an amateur MiBe of Trog (D:3)
  2 centaurs
  An elf zombie (Ossuary)
  3 giant frogs (D:6)
  A wyvern zombie (D:6)
  4 scorpions
  A water moccasin zombie (D:7)
  5 wights (D:8)
  An electric eel (D:8)
  A crimson imp (D:5)
  A human zombie (Ossuary)
  A giant frog skeleton (D:6)
  2 centaur zombies (Ossuary)
  A centaur skeleton (D:5)
  Terence (D:2)
  3 orc wizards
  4 worker ants
  2 big kobold zombies (Ossuary)
  2 hound zombies
  4 mummies
  A hound skeleton (D:5)
  Robin (D:2)
  9 adders
  2 shadow imps
  3 oozes
  An adder skeleton (D:4)
  5 adder zombies (Ossuary)
  2 worms
  2 giant geckos
  11 orcs
  5 bats
  A gnoll zombie (Ossuary)
  15 goblins
  8 hobgoblins
  3 jackals (D:1)
  A ball python (D:1)
  2 giant cockroaches
  5 giant newts
  4 goblin zombies (Ossuary)
  3 hobgoblin zombies
  4 jackal zombies (Ossuary)
  7 kobolds
  2 kobold zombies (Ossuary)
  2 orc zombies
  4 quokkas
  2 quokka zombies (Ossuary)
  A rat (D:3)
  4 rat zombies (Ossuary)
159 creatures vanquished.

Vanquished Creatures (others)
  Erolcha (D:8)
1 creature vanquished.

Grand Total: 160 creatures vanquished

Notes
Turn   | Place    | Note
--------------------------------------------------------------
     0 | D:1      | youngkai the Minotaur Berserker began the quest for the Orb.
     0 | D:1      | Reached XP level 1. HP: 19/19 MP: 0/0
   258 | D:1      | You fall through a shaft!
   395 | D:1      | Reached XP level 2. HP: 16/27 MP: 1/1
   396 | D:1      | Reached skill level 4 in Axes
   917 | D:2      | Reached ** piety under Trog
   922 | D:2      | Reached XP level 3. HP: 25/33 MP: 2/2
   987 | D:2      | Found an iron altar of Okawaru.
  1009 | D:2      | Noticed Sigmund
  1027 | D:2      | Killed Sigmund
  1027 | D:2      | Reached skill level 5 in Axes
  1027 | D:2      | Reached XP level 4. HP: 22/41 MP: 3/3
  1027 | D:2      | Reached XP level 5. HP: 25/47 MP: 4/4
  1079 | D:2      | Reached skill level 6 in Axes
  1172 | D:2      | Noticed Terence
  1192 | D:2      | Killed Terence
  1192 | D:2      | Reached skill level 5 in Fighting
  1200 | D:2      | Noticed Robin
  1218 | D:2      | Killed Robin
  1218 | D:2      | Reached XP level 6. HP: 32/56 MP: 5/5
  1544 | D:3      | Noticed septik's ghost (amateur MiBe)
  1551 | D:3      | Killed septik's ghost
  2373 | D:4      | Reached skill level 7 in Axes
  2373 | D:4      | Reached skill level 5 in Armour
  2417 | D:4      | Reached XP level 7. HP: 42/61 MP: 6/6
  2463 | D:4      | Found a sparkling altar of Nemelex Xobeh.
  2547 | D:5      | Entered Level 5 of the Dungeon
  2549 | D:5      | Found a deep blue altar of Sif Muna.
  2597 | D:5      | Found a staircase to the Ecumenical Temple.
  2665 | D:5      | Found a shimmering altar of Xom.
  2687 | D:5      | Found a shimmering altar of Xom.
  2688 | D:5      | Found a shimmering altar of Xom.
  2689 | D:5      | Found a shimmering altar of Xom.
  2690 | D:5      | Found a shimmering altar of Xom.
  3158 | D:5      | Reached skill level 8 in Axes
  3356 | D:6      | Found Zaickual's Distillery.
  3386 | D:6      | Reached *** piety under Trog
  3431 | D:6      | Bought a potion of curing for 39 gold pieces
  3431 | D:6      | Bought a potion of curing for 39 gold pieces
  3431 | D:6      | Bought a potion of curing for 39 gold pieces
  3431 | D:6      | Bought a potion of haste for 130 gold pieces
  3604 | D:6      | Reached XP level 8. HP: 53/71 MP: 7/7
  3961 | D:6      | Reached skill level 9 in Axes
  4105 | D:6      | Noticed teron's ghost (novice FoFi)
  4131 | D:6      | Killed teron's ghost
  4150 | D:6      | Found a deep blue altar of Sif Muna.
  4235 | D:7      | Reached skill level 10 in Axes
  4641 | D:7      | Found a sand-covered staircase.
  4650 | Ossuary  | Entered an ossuary
  4789 | Ossuary  | Reached XP level 9. HP: 65/81 MP: 8/8
  4971 | D:7      | Noticed 4thArraOfDagon's ghost (novice HOGl)
  4982 | D:7      | Killed 4thArraOfDagon's ghost
  4982 | D:7      | Reached skill level 11 in Axes
  5506 | D:8      | Found a burning altar of Makhleb.
  5520 | D:8      | Noticed Erolcha
  5543 | D:8      | Killed Erolcha
  5543 | D:8      | Reached skill level 12 in Axes
  5644 | D:8      | HP: 1/83 [electric eel/bolt of electricity (10)]
  5645 | D:8      | Killed from afar by an electric eel

Vault maps used:
D:1:      dpeg_arrival_signposts
D:2:      okawaru_trees_2, uniq_terence, uniq_sigmund, uniq_robin
D:4:      nemelex_dance_club_becter
D:5:      minmay_temple_entry_trees, basic_altar, first_bread, xom_redecorated
D:6:      basic_altar, serial_shops, shop_coins, small_statue_intersection
D:7:      nicolae_ossuary_entry_giza, due_unseen_surprise
D:8:      lemuel_crystal_altar, kennysheep_boxes, uniq_erolcha
Ossuary:  minmay_ossuary_two_tombs

Action                   |  1- 3 |  4- 6 |  7- 9 || total
-------------------------+-------+-------+-------++-------
Melee: Hand axe          |    90 |   126 |   363 ||   579
       Battleaxe         |       |       |    14 ||    14
Invok: Berserk           |     1 |     1 |     5 ||     7
       Trog's Hand       |     1 |       |     3 ||     4
Evoke: Wand              |       |       |     1 ||     1
  Use: Scroll            |       |       |    13 ||    13
       Potion            |       |       |     5 ||     5
  Eat: Chunk             |       |     3 |     7 ||    10
       Bread ration      |       |     1 |     1 ||     2
       Pizza             |       |       |     1 ||     1
       Meat ration       |       |       |     1 ||     1
